 Dungeon Crawl Stone Soup version 0.18-a0-1229-ge9a1a01 (webtiles) character file.

58 Scytalen the Conjurer (level 3, -1/19 HPs)
             Began as a Deep Elf Conjurer on Feb 4, 2016.
             Killed from afar by an orc wizard (6 damage)
             ... with a magic dart
             ... on level 3 of the Dungeon.
             The game lasted 00:04:55 (1481 turns).

Scytalen the Conjurer (Deep Elf Conjurer)           Turns: 1481, Time: 00:04:55

Health: -1/19      AC:  3    Str:  5    XL:     3   Next: 75%
Magic:  5/9        EV: 14    Int: 20    God:
Gold:   57         SH:  0    Dex: 25    Spells: 1 memorised, 7 levels left

rFire  . . .     SeeInvis .     (no weapon)
rCold  . . .     Gourm    .     a - +0 robe
rNeg   . . .     Faith    .     (no shield)
rPois  .         Spirit   .     (no helmet)
rElec  .         Dismiss  .     (no cloak)
rCorr  .         Reflect  .     j - +0 pair of gloves
SustAt .         Harm     .     (no boots)
MR     .....                    e - amulet of rage
Stlth  +++.......               h - +5 ring of dexterity
                                s - +5 ring of dexterity

@: not resistant to hostile enchantments, fairly stealthy
A: no striking features
a: Evoke Berserk Rage


You were on level 3 of the Dungeon.
You were hungry.

You visited 1 branch of the dungeon, and saw 4 of its levels.

You collected 57 gold pieces.

Inventory:

Missiles
 i - 13 sling bullets
 p - 29 stones (quivered)
Armour
 a - a +0 robe (worn)
 j - a +0 pair of gloves (worn)
Jewellery
 e - an amulet of rage (around neck)
 g - an uncursed ring of resist corrosion
 h - a +5 ring of dexterity (right hand)
 s - a +5 ring of dexterity (left hand)
 x - an uncursed amulet of faith {unknown}
Scrolls
 o - 2 scrolls of identify {unknown}
 t - a scroll of fear {unknown}
 w - a scroll of amnesia {unknown}
Potions
 f - a potion of invisibility {unknown}
 l - 4 potions of curing {unknown}
 m - a potion of flight {unknown}
 n - a potion of heal wounds {unknown}
 q - a potion of haste {unknown}
Books
 b - a book of Conjurations

   Spells                             Type                      Level
   a - Magic Dart                     Conjuration                  1
   b - Searing Ray                    Conjuration                  2
   c - Dazzling Spray                 Conjuration/Hexes            3
   d - Fulminant Prism                Conjuration/Hexes            4
   e - Iskenderun's Mystic Blast      Conjuration                  4
   f - Iskenderun's Battlesphere      Conjuration/Charms           5
Comestibles
 c - 3 bread rations
 k - a meat ration
 r - a slice of pizza
 u - a beef jerky
 v - a royal jelly


   Skills:
 - Level 2.5 Dodging
 - Level 2.4 Stealth
 - Level 3.1 Spellcasting
 + Level 5.9 Conjurations


You had 7 spell levels left.
You knew the following spells:

 Your Spells              Type           Power        Failure   Level  Hunger
a - Magic Dart            Conj           ####         1%          1    None


Dungeon Overview and Level Annotations

Branches:
Dungeon (4/15)
 Temple: D:4-7

Altars:
Ru

Annotations:
D:3 Grinder, Sigmund


Message History

The orc priest is severely wounded.
The orc wizard gestures at you while chanting.
The puff of frost hits you!
Ouch! That really hurt!
* * * LOW HITPOINT WARNING * * *
The orc barely misses you.
The orc priest hits you but does no damage.
You take 12 damage, and have 5/19 hp.
MASSIVE DAMAGE!!
You now have 6/9 mp.
Casting: Magic Dart
Confirm with . or Enter, or press ? or * to list all spells.
Aiming: Magic Dart
Press: ? - help, Shift-Dir - straight line, f/p - orc priest
Aim: an orc priest, wearing a leather armour (severely wounded)
The magic dart hits the orc priest.
The orc priest is severely wounded.
The orc wizard points at you and mumbles some strange words.
The magic dart hits you!
You die...

...)
..#####
.....#
#.#.##
#...<#####
##.......#
#)#...#.##
##.o.......
#.o@####...
......o##
##..
.#####.# #
#.# #.# ..#
... ##


You could see an orc priest, an orc wizard and an orc.

Vanquished Creatures
  2 adders (D:2)
  A giant gecko (D:2)
  5 bats
  A giant cockroach (D:1)
  5 goblins
  2 hobgoblins (D:2)
  4 jackals (D:2)
  6 giant newts
  6 kobolds
  7 rats
39 creatures vanquished.

Notes
Turn   | Place    | Note
--------------------------------------------------------------
     0 | D:1      | Scytalen the Deep Elf Conjurer began the quest for the Orb.
     0 | D:1      | Reached XP level 1. HP: 10/10 MP: 6/6
   483 | D:1      | Reached XP level 2. HP: 15/15 MP: 6/8
   611 | D:1      | Reached skill level 5 in Conjurations
   835 | D:2      | Reached XP level 3. HP: 19/19 MP: 3/9
  1099 | D:2      | Found a sacrificial altar of Ru.
  1425 | D:3      | Noticed Sigmund
  1457 | D:3      | Noticed Grinder
  1481 | D:3      | Killed from afar by an orc wizard

Vault maps used:
D:1:      dpeg_arrival_rhombus
D:2:      first_bread, nicolae_ru_path_of_blood
D:3:      minitemple, nicolae_overflow_crystal_walls, uniq_robin, uniq_sigmund,
          uniq_grinder
D:4:      lemuel_old_faithful

Action                   || total
-------------------------++-------
Melee: Unarmed           ||     1
 Cast: Magic Dart        ||    77
  Eat: Chunk             ||     1
